 Dungeon Crawl Stone Soup version 0.31.0-32-g396128a36d (webtiles) character file.

Game seed: 9434327163954723932

2494 PaiMei the Reanimator (level 9, -6/69 HPs)
             Began as a Demonspawn Necromancer on Mar 19, 2024.
             Killed from afar by an electric eel (13 damage)
             ... with a bolt of electricity
             ... on level 10 of the Dungeon.
             The game lasted 00:12:08 (7137 turns).

PaiMei the Reanimator (Demonspawn Necromancer)      Turns: 7137, Time: 00:12:08

Health: -6/69      AC: 10    Str: 12    XL:     9   Next: 28%
Magic:  18/18      EV: 15    Int: 19    God:
Gold:   323        SH:  0    Dex: 19    Spells: 16/20 levels left

rFire   . . .        u - +7 dagger of Yguimp {venom, Str+2}
rCold   . . .        (no shield)
rNeg    . . .        F - +0 steam dragon scales
rPois   .            (helmet restricted)
rElec   .            (no cloak)
rCorr   .            t - +0 pair of gloves
SInv    .            (no boots)
Will    .....        (no amulet)
Stlth   +++++        c - +4 ring of protection
HPRegen 0.31/turn    (no ring)
MPRegen 0.16/turn

%: no passive effects
@: no status effects
A: antennae 2, thin skeletal structure 3, ignite blood 1, spiny 1
a: no special abilities


You were on level 10 of the Dungeon.
You visited 1 branch of the dungeon, and saw 8 of its levels.

You collected 379 gold pieces.
You spent 56 gold pieces at shops.

Inventory:

Hand Weapons
 u - the +7 dagger of Yguimp (weapon) {venom, Str+2}
   (You found it on level 3 of the Dungeon)

   Str+2:     It affects your strength (+2).
Missiles
 m - 3 poisoned darts (quivered)
Armour
 a - a +0 robe
 h - a +0 leather armour
 n - a +0 helmet
 t - a +0 pair of gloves (worn)
 E - a +1 robe of positive energy
 F - +0 steam dragon scales (worn)
Jewellery
 c - a +4 ring of protection (left hand)
Wands
 v - a wand of flame (22)
 D - a wand of polymorph (9)
Scrolls
 d - 6 scrolls of amnesia {unknown}
 g - 3 scrolls of enchant armour {unknown}
 j - 3 scrolls of fear {unknown}
 l - a scroll of enchant weapon {unknown}
 q - 2 scrolls of teleportation
 r - 10 scrolls of identify
 w - 2 scrolls of silence {unknown}
 y - 2 scrolls of fog {unknown}
 z - a scroll of revelation {unknown}
 A - a scroll of torment {unknown}
 B - a scroll of blinking {unknown}
Potions
 b - a potion of magic
 e - a potion of cancellation {unknown}
 f - 8 potions of curing {unknown}
 i - a potion of haste {unknown}
 k - 2 potions of heal wounds {unknown}
 p - 3 potions of enlightenment {unknown}
 s - 4 potions of resistance {unknown}
 x - a potion of invisibility {unknown}
 C - a potion of lignification {unknown}


   Skills:
 + Level 6.0 Fighting
 + Level 6.0 Dodging
 - Level 2.1 Stealth
 + Level 6.0 Spellcasting
 + Level 8.2 Necromancy


You had 16 spell levels left.
You knew the following spells:

 Your Spells              Type           Power      Damage    Failure   Level
a - Necrotise             Necr           100%       1d9       1%          1
b - Vampiric Draining     Necr           37%        2d8       1%          3

Your spell library contained the following spells:

 Spells                   Type           Power      Damage    Failure   Level
 Animate Dead             Necr           37%        N/A       3%          4
 Apportation              Tloc           10%        N/A       11%         1
 Magic Dart               Conj           20%        1d4       11%         1
 Sting                    Conj/Alch      20%        1d4       11%         1
 Summon Small Mammal      Summ           20%        N/A       11%         1
 Curse of Agony           Necr           37%        N/A       11%         5
 Blink                    Tloc           10%        N/A       17%         2
 Call Imp                 Summ           10%        N/A       17%         2


Dungeon Overview and Level Annotations

Branches:
Dungeon (7/15)             Temple (0/1) D:7

Altars:
Ashenzari
Cheibriados
Hepliaklqana
Nemelex Xobeh
Okawaru
Trog
Vehumet
Wu Jian
Yredelemnul

Shops:
D:2 [=   D:3 *?**   D:6 *   D:7 ?   D:10 [

Annotations:
D:10 Maurice


Innate Abilities, Weirdness & Mutations

You have a pair of antennae on your head.
You have an unnaturally thin skeletal structure. (Dex +6, Stealth+++)
Your demonic aura sometimes causes spilled blood to erupt in flames.
You are partially covered in sharp spines.


Message History

Found 3 poisoned darts.
Found a broken altar of Ashenzari.
Found a war axe.
Found a stone staircase leading down. 2 electric eels come into view.
Found a stone staircase leading up.
An electric eel comes into view.
The electric eel shoots out a bolt of lightning at you!
The bolt of electricity hits you!
The electric eel moves out of view.
You hear a bark!
Found a ring mail.
The electric eel shoots out a bolt of lightning at you!
The bolt of electricity hits you.
You hear a bark! x2
A wolf comes into view.
The electric eel shoots out a bolt of lightning at you!
The bolt of electricity hits you!
You hear a howl!
There is a stone staircase leading down here.
A wolf comes into view.
The electric eel shoots out a bolt of lightning at you!
The bolt of electricity hits you!
The wolf moves out of view.
A hound comes into view.
Found an onyx ring.
The electric eel shoots out a bolt of lightning at you!
The bolt of electricity hits you!
The electric eel shoots out a bolt of lightning at you!
The bolt of electricity hits you!
The electric eel shoots out a bolt of lightning at you!
The bolt of electricity hits you!
* * * LOW HITPOINT WARNING * * *
The hound moves out of view.
You hear a bark!
Found a murky inky potion.
The electric eel shoots out a bolt of lightning at you!
The bolt of electricity hits you.
* * * LOW HITPOINT WARNING * * *
The electric eel shoots out a bolt of lightning at you!
The bolt of electricity hits the electric eel.
The electric eel completely resists.
The bolt of electricity hits you!
You die...

#.......# ##..##
.....(..## #....#
..#.#....#####....#
#.._.......##.....##
###.##............[#
#.........Y......#
##.....Y.........#
#.......).......#
#...####....#.@..#
#.....
.....S..........#
.....~
.....~..Sh...~..#
.....
~~..~≈h≈S≈..~....#
....~
≈≈~~~~≈≈≈~≈~~....#
...~~
≈≈≈~~..~~≈≈..~..#
.....
≈.=.~..≈≈~....#
....~
.~~.h.~≈≈.~~..#
.....


You could see 2 yaks, 2 wolves, a hound and 3 electric eels.

Vanquished Creatures
  Grinder (D:4)
  A steam dragon (D:7)
  Edmund (D:4)
  2 water moccasins (D:7)
  A sky beast (D:7)
  2 black bears
  2 phantoms
  Blork the orc (D:4)
  A water moccasin zombie (D:5)
  A scorpion (D:5)
  6 wights
  6 killer bees (D:10)
  A centaur zombie (D:5)
  2 hounds
  4 jellies
  2 orc priests (D:6)
  5 iguanas
  A sleepcap (D:4)
  An orc wizard (D:6)
  A scorpion zombie (D:5)
  3 hound zombies (D:5)
  A gnoll (D:1)
  5 adders
  2 ufetubi (D:7)
  A dart slug (D:3)
  2 ribbon worms
  10 orcs
  4 bats
  4 endoplasms
  A giant cockroach (D:3)
  4 goblins
  6 hobgoblins
  2 jackals (D:3)
  3 quokkas
  8 ball pythons
  5 kobolds
  4 rats
107 creatures vanquished.

Vanquished Creatures (collateral kills)
  An adder (D:2)
1 creature vanquished.

Grand Total: 108 creatures vanquished

Notes
Turn   | Place    | Note
-------+----------+-------------------------------------------
     0 | D:1      | PaiMei the Demonspawn Necromancer began the quest for the
                  | Orb.
     0 | D:1      | Reached XP level 1. HP: 13/13 MP: 3/3
   307 | D:1      | Gained mutation: You have a somewhat thin skeletal
                  | structure. (Dex +2, Stealth+) [demonic ancestry]
   307 | D:1      | Reached XP level 2. HP: 19/19 MP: 0/5
   765 | D:2      | Gained mutation: You have a moderately thin skeletal
                  | structure. (Dex +4, Stealth++) [demonic ancestry]
   765 | D:2      | Reached XP level 3. HP: 23/25 MP: 1/6
   849 | D:2      | Found Juwnocle's Jewellery Shop.
  1064 | D:2      | Found Nidec's Antique Armour Shoppe.
  1183 | D:2      | Reached skill level 1 in Fighting
  1418 | D:2      | Learned a level 3 spell: Vampiric Draining
  1432 | D:3      | Found a faded altar of an unknown god.
  1481 | D:3      | Found Gezuwk's Magic Scroll Emporium.
  1484 | D:3      | Found Biseskups's General Store.
  1539 | D:3      | Gained mutation: You have a pair of small antennae on your
                  | head. [demonic ancestry]
  1539 | D:3      | Reached XP level 4. HP: 32/32 MP: 1/7
  1642 | D:3      | Bought a scroll of teleportation for 36 gold pieces
  1700 | D:3      | Reached skill level 5 in Necromancy
  1847 | D:3      | Found Jile's Assorted Antiques.
  1938 | D:3      | Identified the +7 dagger of Yguimp {venom, Str+2}
  1954 | D:3      | Found a transporter.
  1954 | D:3      | Found Otioxtes's General Store.
  2037 | D:3      | Found a transporter.
  2384 | D:3      | Bought a scroll of identify for 20 gold pieces
  2555 | D:4      | Noticed a black bear
  2684 | D:4      | Noticed Blork the orc
  2738 | D:4      | Noticed Edmund
  2812 | D:5      | Entered Level 5 of the Dungeon
  2819 | D:4      | Gained mutation: You have a pair of antennae on your head.
                  | [demonic ancestry]
  2819 | D:4      | Reached XP level 5. HP: 38/38 MP: 4/9
  3066 | D:4      | Killed Edmund
  3067 | D:4      | Reached XP level 6. HP: 40/46 MP: 1/11
  3233 | D:4      | Identified the +8 whip "Vikont" {antimagic, rF+ Will+
                  | Dex+2}
  3289 | D:4      | Killed Blork the orc
  3430 | D:4      | Noticed Grinder
  3450 | D:4      | Killed Grinder
  3451 | D:4      | Reached skill level 6 in Necromancy
  3451 | D:4      | Gained mutation: You have an unnaturally thin skeletal
                  | structure. (Dex +6, Stealth+++) [demonic ancestry]
  3451 | D:4      | Reached XP level 7. HP: 17/52 MP: 12/12
  4271 | D:4      | Gained mutation: You are partially covered in sharp spines.
                  | [demonic ancestry]
  4271 | D:4      | Reached XP level 8. HP: 27/59 MP: 14/14
  5045 | D:5      | Found a basalt altar of Yredelemnul.
  5051 | D:5      | Reached skill level 7 in Necromancy
  5437 | D:6      | Reached skill level 5 in Spellcasting
  5635 | D:6      | Found a radiant altar of Vehumet.
  5687 | D:6      | Found Azoriwn's General Store.
  5698 | D:6      | Reached skill level 5 in Dodging
  5826 | D:6      | Found a hazy altar of Hepliaklqana.
  5969 | D:6      | Found a bloodstained altar of Trog.
  5975 | D:6      | Found a snail-covered altar of Cheibriados.
  5982 | D:6      | Found a sparkling altar of Nemelex Xobeh.
  6201 | D:7      | Reached skill level 5 in Fighting
  6228 | D:7      | Found Xaebraof's Magic Scroll Shoppe.
  6239 | D:7      | Found an ornate altar of the Wu Jian Council.
  6250 | D:7      | Noticed a cyclops
  6431 | D:7      | Gained mutation: Your demonic aura sometimes causes spilled
                  | blood to erupt in flames. [demonic ancestry]
  6431 | D:7      | Reached XP level 9. HP: 65/68 MP: 8/17
  6583 | D:7      | Reached skill level 8 in Necromancy
  6592 | D:7      | Found a staircase to the Ecumenical Temple.
  6592 | D:7      | You fall into a shaft and drop 3 floors!
  6592 | D:10     | Entered Level 10 of the Dungeon
  6723 | D:10     | Found an iron altar of Okawaru.
  6735 | D:10     | Noticed Maurice
  6754 | D:10     | Found Evuh's Antique Armour Boutique.
  6773 | D:10     | Something stole 2 throwing nets
  7112 | D:10     | Noticed a troll
  7121 | D:10     | Found a broken altar of Ashenzari.
  7137 | D:10     | Killed from afar by an electric eel

Illustrated notes

Levels and vault maps discovered:
D:1:      minmay_arrival_four_houses, layout_rooms
D:2:      layout_rooms, basic_altar, serial_shops, nicolae_shop_tiny_glass,
          nicolae_shop_just_a_little_nook
D:3:      layout_rooms, dreamdust_ecumenical_altar_grove, serial_shops, shop,
          shop, nicolae_shop_drivethru, nicolae_shop_statue_plus,
          uniq_crazy_yiuf_cottage
D:4:      layout_cave_pools, tso_altar, serial_bayou, serial_bayou_pond_a,
          serial_bayou_ford_a, serial_bayou_lake_a, serial_bayou_lagoon_b,
          uniq_grinder, uniq_edmund, uniq_blork_the_orc
D:5:      layout_layer_cave, nicolae_yredelemnul_corpse_copse
D:6:      layout_rooms, mainiacjoe_overflow_surrounded_room,
          mainiacjoe_overflow_small_starburst, minmay_overflow_temple_star_quad,
          serial_shops, nicolae_shop_stone, minmay_liquid_box
D:7:      layout_basic, mainiacjoe_overflow_six_doors_small,
          mainiacjoe_overflow_alcove_2, minmay_temple_entry_steel_oval,
          serial_curves, eino_curves_02, eino_curves_01, serial_shops,
          nicolae_diamond_shop, uniq_pikel
D:10:     layout_layer_cave, okawaru_metal_pillars_1_2, ashenzari_altar_1,
          grunt_qazlal_sundering, erik_lair_island, serial_shops, shop,
          nicolae_trove_entry_diagonal, special_room [special_room_orc],
          uniq_joseph, uniq_maurice

Skill      XL: |  1  2  3  4  5  6  7  8  9 |
---------------+----------------------------+-----
Dodging        | 2 3 4 5 6 |  6.0
Stealth        | 2 |  2.1
Fighting       | 1 2 3 4 5 6 |  6.0
Necromancy     | 5 6 7 8 |  8.2
Spellcasting   | 3 4 5 6 |  6.0

Action                     |  1- 3 |  4- 6 |  7- 9 || total
---------------------------+-------+-------+-------++-------
  Melee: Dagger            |     2 |    26 |   126 ||   154
         Punch             |       |       |     4 ||     4
   Cast: Necrotise         |    60 |    63 |    51 ||   174
         Vampiric Draining |       |     1 |    19 ||    20
    Use: Scroll            |       |       |     1 ||     1
   Stab: Sleeping          |       |     1 |     8 ||     9
 Armour: Robe              |     9 |    25 |    70 ||   104
         Steam dragon scal |       |       |    30 ||    30
  Dodge: Dodged            |    16 |    19 |   106 ||   141
